 Dungeon Crawl Stone Soup version 0.21.1-1-g345015f (webtiles) character file.

667 prawnwizard the Gusty (level 7, -7/51 HPs)
             Began as a Gnoll Air Elementalist on July 17, 2018.
             Mangled by an orc warrior
             ... wielding a +0 falchion
              (18 damage)
             ... on level 5 of the Dungeon.
             The game lasted 00:13:23 (5580 turns).

prawnwizard the Gusty (Gnoll Air Elementalist)      Turns: 5580, Time: 00:13:24

Health: -7/51      AC:  4    Str: 10    XL:     7   Next: 57%
Magic:  4/15       EV: 15    Int: 19    God:
Gold:   220        SH:  0    Dex: 16    Spells: 7/17 levels left

rFire    . . .     SeeInvis .   r - +0 falchion
rCold    . . .     Gourm    .   (no shield)
rNeg     . . .     Faith    .   a - +0 robe
rPois    .         Spirit   .   j - +0 helmet
rElec    .         Reflect  .   (no cloak)
rCorr    .         Harm     .   o - +0 pair of gloves
MR       .....                  (no boots)
Stlth    +++.......             (no amulet)
HPRegen  0.17/turn              (no ring)
MPRegen  0.14/turn              (no ring)

@: swift, quick
A: distributed training, fangs 1, strong nose
a: no special abilities


You were on level 5 of the Dungeon.
You were not hungry.

You visited 1 branch of the dungeon, and saw 5 of its levels.
You also visited: Ossuary.

You collected 220 gold pieces.

Inventory:

Hand Weapons
 r - a +0 falchion (weapon)
Armour
 a - a +0 robe (worn)
 j - a +0 helmet (worn)
 n - a +0 buckler
 o - a +0 pair of gloves (worn)
Jewellery
 g - an uncursed ring of fire
Wands
 p - a wand of random effects (23)
 w - a wand of flame (20)
 G - a wand of paralysis (18)
Scrolls
 e - a scroll of fog
 h - 3 scrolls of remove curse
 q - a scroll of immolation {unknown}
 s - 3 scrolls of identify {unknown}
 t - 2 scrolls of teleportation {unknown}
 u - 2 scrolls of enchant weapon {unknown}
 v - a scroll of random uselessness {unknown}
 y - a scroll of silence {unknown}
 B - a scroll of magic mapping {unknown}
 D - a scroll of amnesia
Potions
 d - a potion of magic {unknown}
 f - a potion of might {unknown}
 i - a potion of agility {unknown}
 k - 2 potions of lignification {unknown}
 l - a potion of cancellation {unknown}
 m - 8 potions of curing
 x - 2 potions of heal wounds {unknown}
 z - a potion of invisibility {unknown}
 A - a potion of berserk rage {unknown}
 C - a potion of haste {unknown}
 E - a potion of degeneration {unknown}
Books
 b - a book of Air

   Spells                             Type                      Level
   a - Shock                          Conjuration/Air              1
   b - Swiftness                      Charms/Air                   2
   c - Static Discharge               Conjuration/Air              3
   d - Airstrike                      Air                          4
   e - Lightning Bolt                 Conjuration/Air              5
Comestibles
 c - 4 rations


   Skills:
 + Level 2.5 Fighting
 + Level 2.5 Short Blades
 + Level 2.5 Long Blades
 + Level 2.5 Axes
 + Level 2.5 Maces & Flails
 + Level 2.5 Polearms
 + Level 2.5 Staves
 + Level 2.5 Slings
 + Level 2.5 Bows
 + Level 2.5 Crossbows
 + Level 2.5 Throwing
 + Level 2.5 Armour
 + Level 5.2 Dodging
 + Level 4.9 Stealth
 + Level 2.5 Shields
 + Level 2.5 Unarmed Combat
 + Level 5.6 Spellcasting
 + Level 3.0 Conjurations
 + Level 2.0 Hexes
 + Level 2.0 Charms
 + Level 2.0 Summonings
 + Level 2.0 Necromancy
 + Level 2.0 Translocations
 + Level 2.0 Transmutations
 + Level 2.0 Fire Magic
 + Level 2.0 Ice Magic
 + Level 5.8 Air Magic
 + Level 2.0 Earth Magic
 + Level 2.0 Poison Magic
 + Level 2.8 Invocations
 + Level 2.5 Evocations


You had 7 spell levels left.
You knew the following spells:

 Your Spells              Type           Power        Failure   Level  Hunger
a - Shock                 Conj/Air       ###.         1%          1    None
b - Swiftness             Chrm/Air       ###.....     3%          2    None
c - Static Discharge      Conj/Air       ###.....     5%          3    ##.....
d - Airstrike             Air            ####......   11%         4    ####...


Dungeon Overview and Level Annotations

Branches:
Dungeon (5/15)
 Temple: D:4-7

Altars:
Ru


Innate Abilities, Weirdness & Mutations

Your experience applies equally to all skills.
You have very sharp teeth.
Your uncanny sense of smell can sniff out nearby items.


Message History

Aim: an orc warrior, wielding a long sword, wearing a chain mail and wearing a shield (heavily wounded)
The zap hits the orc warrior.
The orc warrior is heavily wounded.
The zap misses the orc warrior.
The zap hits the crimson imp.
The crimson imp is moderately wounded.
The orc warrior hits you with a falchion!
* * * LOW HITPOINT WARNING * * *
Casting: Shock
Confirm with . or Enter, or press ? or * to list all spells.
The orc warrior is struck by lightning.
The orc warrior is heavily wounded.
The lightning arcs!
You are struck by lightning.
* * * LOW HITPOINT WARNING * * *
The lightning grounds out.
The orc warrior hits you but does no damage.
Casting: Static Discharge
Confirm with . or Enter, or press ? or * to list all spells.
You feel quick.
The orc warrior hits you with a falchion!!
You die...

#.# #.#
#.# ∆
#.# #.#
#.######
#..<...#
######.#
#@# #o#
#o# #5.
....∆ ∆
.....
..###..
..#)#..#
∆ ... #
..#


You could see 2 orc warriors and a crimson imp.

Vanquished Creatures
  A phantom (D:4)
  3 hounds (D:4)
  An orc priest (D:4)
  An orc wizard (D:3)
  2 worker ants (D:4)
  11 mummies (Ossuary)
  Robin (D:3)
  6 adders
  3 gnolls (D:4)
  3 oozes
  3 worms
  A dart slug (D:1)
  A leopard gecko (D:2)
  13 orcs
  4 ball pythons
  8 giant cockroaches
  13 goblins
  12 hobgoblins
  7 jackals (D:1)
  6 kobolds
  2 quokkas
  5 bats
  7 frilled lizards
  3 gnoll skeletons (Ossuary)
  3 kobold skeletons (Ossuary)
  2 orc skeletons (Ossuary)
  8 rats
  11 rat skeletons (Ossuary)
141 creatures vanquished.

Notes
Turn   | Place    | Note
-------+----------+-------------------------------------------
     0 | D:1      | prawnwizard the Gnoll Air Elementalist began the quest for the Orb.
     0 | D:1      | Reached XP level 1. HP: 13/13 MP: 6/6
    84 | D:1      | Reached XP level 2. HP: 19/19 MP: 4/7
   511 | D:1      | Reached XP level 3. HP: 25/25 MP: 1/9
   595 | D:1      | Learned a level 2 spell: Swiftness
   599 | D:1      | Learned a level 3 spell: Static Discharge
   812 | D:1      | Reached skill level 5 in Spellcasting
  1088 | D:1      | Reached skill level 1 in Invocations
  1351 | D:2      | Found a sacrificial altar of Ru.
  1382 | D:2      | Reached skill level 1 in Fighting
  1382 | D:2      | Reached skill level 1 in Short Blades
  1382 | D:2      | Reached skill level 1 in Long Blades
  1382 | D:2      | Reached skill level 1 in Axes
  1382 | D:2      | Reached skill level 1 in Maces & Flails
  1382 | D:2      | Reached skill level 1 in Polearms
  1382 | D:2      | Reached skill level 1 in Staves
  1382 | D:2      | Reached skill level 1 in Slings
  1382 | D:2      | Reached skill level 1 in Bows
  1382 | D:2      | Reached skill level 1 in Crossbows
  1382 | D:2      | Reached skill level 1 in Throwing
  1382 | D:2      | Reached skill level 1 in Armour
  1382 | D:2      | Reached skill level 1 in Shields
  1382 | D:2      | Reached skill level 1 in Unarmed Combat
  1382 | D:2      | Reached skill level 1 in Evocations
  1382 | D:2      | Reached XP level 4. HP: 27/32 MP: 2/11
  2147 | D:2      | Learned a level 4 spell: Airstrike
  2313 | D:3      | Reached skill level 1 in Hexes
  2313 | D:3      | Reached skill level 1 in Charms
  2313 | D:3      | Reached skill level 1 in Summonings
  2313 | D:3      | Reached skill level 1 in Necromancy
  2313 | D:3      | Reached skill level 1 in Translocations
  2313 | D:3      | Reached skill level 1 in Transmutations
  2313 | D:3      | Reached skill level 1 in Fire Magic
  2313 | D:3      | Reached skill level 1 in Ice Magic
  2313 | D:3      | Reached skill level 1 in Earth Magic
  2313 | D:3      | Reached skill level 1 in Poison Magic
  2483 | D:3      | Reached XP level 5. HP: 37/37 MP: 5/12
  2973 | D:3      | Noticed Robin
  3195 | D:3      | Killed Robin
  3805 | D:4      | Noticed a phantom
  3819 | D:4      | Killed a phantom
  3819 | D:4      | Reached XP level 6. HP: 26/44 MP: 0/14
  3978 | D:4      | Reached skill level 5 in Dodging
  4048 | D:4      | Reached XP level 7. HP: 17/50 MP: 0/15
  4327 | D:4      | Found a sand-covered staircase.
  4427 | Ossuary  | Entered an ossuary
  5561 | D:5      | Entered Level 5 of the Dungeon
  5580 | D:5      | Mangled by an orc warrior

Skill      XL: |  1  2  3  4  5  6  7 |
---------------+----------------------+-----
Conjurations   | 2 3 |  3.0
Spellcasting   | 5 |  5.6
Invocations    | 1 2 |  2.8
Fighting       | 1 2 |  2.5
Short Blades   | 1 2 |  2.5
Long Blades    | 1 2 |  2.5
Axes           | 1 2 |  2.5
Maces & Flails | 1 2 |  2.5
Polearms       | 1 2 |  2.5
Staves         | 1 2 |  2.5
Slings         | 1 2 |  2.5
Bows           | 1 2 |  2.5
Crossbows      | 1 2 |  2.5
Throwing       | 1 2 |  2.5
Armour         | 1 2 |  2.5
Shields        | 1 2 |  2.5
Unarmed Combat | 1 2 |  2.5
Evocations     | 1 2 |  2.5
Hexes          | 1 2 |  2.0
Charms         | 1 2 |  2.0
Summonings     | 1 2 |  2.0
Necromancy     | 1 2 |  2.0
Translocations | 1 2 |  2.0
Transmutations | 1 2 |  2.0
Fire Magic     | 1 2 |  2.0
Ice Magic      | 1 2 |  2.0
Earth Magic    | 1 2 |  2.0
Poison Magic   | 1 2 |  2.0
Dodging        | 5 |  5.2
Stealth        | |  4.9
Air Magic      | |  5.8

Action                   |  1- 3 |  4- 6 |  7- 9 || total
-------------------------+-------+-------+-------++-------
Melee: Unarmed           |    16 |       |       ||    16
       Bite              |     3 |     2 |     4 ||     9
       Falchion          |       |    81 |    27 ||   108
       Punch             |       |     2 |       ||     2
 Cast: Shock             |    63 |   120 |    91 ||   274
       Static Discharge  |     2 |     2 |     3 ||     7
       Swiftness         |       |     2 |     1 ||     3
       Airstrike         |       |     1 |       ||     1
  Use: Scroll            |     4 |       |       ||     4
 Stab: Sleeping          |       |     2 |     1 ||     3
  Eat: Chunk             |     1 |     6 |     1 ||     8
       Ration            |       |     1 |     1 ||     2
Armor: Robe              |     2 |    22 |     2 ||    26
Dodge: Dodged            |    26 |    85 |    19 ||   130
       Rpst.: Falchion   |       |    22 |     3 ||    25
